 Dungeon Crawl Stone Soup version 0.26-a0-980-g0fe3eaa9ac (webtiles) character file.

Game seed: 16483496125105582542

51 sahdkjhfkaj the Magician (level 3, -6/24 HPs)
             Began as a Mummy Hedge Wizard on Dec 5, 2020.
             Killed from afar by Natasha (7 damage)
             ... with a magic dart
             ... on level 1 of the Dungeon.
             The game lasted 00:02:48 (1447 turns).

sahdkjhfkaj the Magician (Mummy Hedge Wizard)       Turns: 1447, Time: 00:02:49

Health: -6/24      AC:  2    Str: 13    XL:     3   Next: 57%
Magic:  0/8        EV: 12    Int: 14    God:
Gold:   78         SH:  0    Dex: 11    Spells: 2/10 levels left

rFire    x . .     SeeInvis .   a - +0 dagger
rCold    + . .     Faith    .   (no shield)
rNeg     + + +     Spirit   .   b - +0 robe
rPois    ∞         Reflect  .   c - +0 hat
rElec    .         Harm     .   (no cloak)
rCorr    .         Rampage  .   (no gloves)
MR       .....                  (no boots)
Stlth    ++........             (no amulet)
HPRegen  0.08/turn              (no ring)
MPRegen  0.11/turn              (no ring)

@: about to teleport
A: no potions, fire vulnerability, cold resistance 1, negative energy resistance
3, torment resistance, unbreathing
a: no special abilities


You were on level 1 of the Dungeon.
You visited 1 branch of the dungeon, and saw 2 of its levels.

You collected 78 gold pieces.

Inventory:

Hand Weapons
 a - a +0 dagger (weapon)
Armour
 b - a +0 robe (worn)
 c - a +0 hat (worn)
Scrolls
 d - a scroll of identify
 f - a scroll of remove curse


   Skills:
 - Level 1.5 Dodging
 - Level 1.5 Stealth
 - Level 4.0 Spellcasting
 + Level 2.9 Conjurations
 - Level 0.7 Summonings
 - Level 0.7 Translocations


You had 2 spell levels left.
You knew the following spells:

 Your Spells              Type           Power        Failure   Level
a - Magic Dart            Conj           ##..         6%          1
A - Conjure Flame         Conj/Fire      #.......     32%         3
B - Blink                 Tloc           N/A          22%         2
C - Call Imp              Summ           #.......     22%         2

Your spell library contained the following spells:

 Spells                   Type           Power        Failure   Level
 Slow                     Hex            #.......     28%         2
 Mephitic Cloud           Conj/Pois/Air  #.......     36%         3


Dungeon Overview and Level Annotations

Branches:
Dungeon (2/15)

Altars:

Annotations:
D:1 Natasha


Innate Abilities, Weirdness & Mutations

You do not drink.
Your flesh is vulnerable to fire.
You are immune to poison.
Your flesh is cold resistant. (rC+)
You are immune to negative energy. (rN+++)
You are immune to unholy pain and torment.
You can survive without breathing.


Message History

Casting: Magic Dart (safe; 6% risk of failure)
Confirm with . or Enter, or press ? or * to list all spells.
Aiming: Magic Dart (safe; 6% risk of failure)
Press: ? - help, Shift-Dir - straight line, f/p - Natasha
Aim: Natasha (moderately wounded, 0% to evade)
The magic dart hits Natasha.
Natasha is moderately wounded.
Natasha claws you.
* * * LOW HITPOINT WARNING * * *
You closely miss Natasha.
Natasha is moderately wounded.
Natasha mumbles some strange words.
As you read the scroll of teleportation, it crumbles to dust.
You feel strangely unstable. Natasha claws you.
* * * LOW HITPOINT WARNING * * *
The crimson imp barely misses you.
Your magical contamination has completely faded away.
Natasha casts a spell at you. The magic dart hits you!
You die...

...#............>........##
#####
...#.......####..........# #
...#..†....#
#.......)..########
...#.......#
#####'#............
...#..†....# #.#.######.####
...#..)....# #.#.# #.#
...#.......# #.#.# #.#
...#####'#.########.#.######.#
...# #.#......@.h5#......#.#
#### #.#################.#.#
#................†....#
###################)###
########## #.# .........# #.#
########.# #.# #.# #.# #.# #.#


You could see Natasha and a crimson imp (summoned).

Vanquished Creatures
  An adder (D:1)
  An ooze (D:1)
  6 bats (D:1)
  A giant cockroach (D:2)
  11 hobgoblins
  3 jackals (D:1)
  4 goblins (D:1)
  2 kobolds
  5 rats (D:1)
34 creatures vanquished.

Notes
Turn   | Place    | Note
-------+----------+-------------------------------------------
     0 | D:1      | sahdkjhfkaj the Mummy Hedge Wizard began the quest for the
                  | Orb.
     0 | D:1      | Reached XP level 1. HP: 13/13 MP: 5/5
    31 | D:1      | Reached skill level 1 in Conjurations
   240 | D:1      | Reached XP level 2. HP: 19/19 MP: 4/7
   243 | D:1      | Learned a level 2 spell: Blink
   246 | D:1      | Learned a level 2 spell: Call Imp
   871 | D:1      | Reached XP level 3. HP: 24/24 MP: 4/8
   875 | D:1      | Learned a level 3 spell: Conjure Flame
  1285 | D:2      | Noticed Natasha
  1445 | D:1      | HP: 1/24 [Natasha (2)]
  1447 | D:1      | Killed from afar by Natasha

Illustrated notes

Levels and vault maps discovered:
D:1:      minmay_arrival_open_corners, layout_basic
D:2:      layout_rooms, elyvilon_altar_5, uniq_natasha

Skill      XL: |  1  2 |
---------------+-------+-----
Conjurations   | 1 2 |  2.9
Dodging        | |  1.5
Stealth        | |  1.5
Spellcasting   | |  4.0
Summonings     | |  0.7
Translocations | |  0.7

Action                   || total
-------------------------++-------
Melee: Dagger            ||    18
 Cast: Magic Dart        ||    82
       Blink             ||     1
  Use: Scroll            ||     3
Armor: Robe              ||     2
Dodge: Dodged            ||    21

Table legend: (Time is in decaauts)
 A = Elapsed time spent in this place.
 B = Non-inter-level travel time spent in this place.
 C = Inter-level travel time spent in this place.
 D = Time resting spent in this place.
 E = Time spent auto-exploring this place.
 F = Levels seen in this place.
 G = Mean time per level.
                   A        B        C        D        E       F      G
               +--------+--------+--------+--------+--------+-----+--------+
         Total |   1448 |   1428 |     20 |    129 |   1121 |   2 |  724.0 |
       Dungeon |   1448 |   1428 |     20 |    129 |   1121 |   2 |  724.0 |
               +--------+--------+--------+--------+--------+-----+--------+

Top non-repeatable levels by time:
     D:1: 1433 daAuts
     D:2: 15 daAuts
